 Dungeon Crawl Stone Soup version 0.21.2-1-g0862bd2 (webtiles) character file.

1046 smallpebble the Cleaver (level 8, 0/68 HPs)
             Began as a Hill Orc Fighter on Apr 11, 2019.
             Was an Initiate of Ru.
             Slain by Prince Ribbit (12 damage)
             ... on level 5 of the Dungeon.
             The game lasted 00:15:07 (4779 turns).

smallpebble the Cleaver (Hill Orc Fighter)          Turns: 4779, Time: 00:15:08

Health: 0/68       AC: 12    Str: 20    XL:     8   Next: 25%
Magic:  8/8        EV:  3    Int:  8    God:    Ru [......]
Gold:   282        SH:  9    Dex: 11    Spells: 7/7 levels left

rFire    . . .     SeeInvis .   a - +0 war axe
rCold    . . .     Gourm    .   c - +0 shield
rNeg     + . .     Faith    .   o - +0 plate armour
rPois    .         Spirit   .   t - +0 helmet
rElec    .         Reflect  .   (no cloak)
rCorr    .         Harm     .   (no gloves)
MR       .....                  (no boots)
Stlth    ..........             (no amulet)
HPRegen  0.21/turn              g - ring of positive energy
MPRegen  0.11/turn              r - ring of flight

@: very slightly contaminated, heavily drained, invisible
A: no striking features
a: Renounce Religion, Evoke Flight


You were on level 5 of the Dungeon.
You worshipped Ru.
Ru was noncommittal.
You were not hungry.

You visited 2 branches of the dungeon, and saw 7 of its levels.

You collected 282 gold pieces.

Inventory:

Hand Weapons
 a - a +0 war axe (weapon)
 k - a +1 short sword of speed
 y - a +0 war axe
Armour
 b - a +0 scale mail
 c - a +0 shield (worn)
 o - a +0 plate armour (worn)
 t - a +0 helmet (worn)
Jewellery
 g - a ring of positive energy (left hand)
 l - an uncursed amulet of harm
 r - a ring of flight (right hand)
Scrolls
 p - 3 scrolls of identify {unknown}
 u - a scroll of fog {unknown}
 v - 2 scrolls of immolation {unknown}
 w - 2 scrolls of enchant weapon {unknown}
 z - 3 scrolls of teleportation {unknown}
 A - a scroll of random uselessness {unknown}
 B - a scroll of enchant armour {unknown}
 C - a scroll of holy word {unknown}
Potions
 d - a potion of might
 h - a potion of berserk rage {unknown}
 i - a potion of lignification {unknown}
 j - a potion of cancellation {unknown}
 m - 2 potions of degeneration {unknown}
 q - a potion of curing {unknown}
 s - a potion of haste {unknown}
Books
 x - a book of Misfortune

   Spells                             Type                      Level
   a - Confusing Touch                Hexes                        1
   b - Confuse                        Hexes                        3
   c - Gell's Gravitas                Translocation                3
   d - Petrify                        Transmutation/Earth          4
   e - Metabolic Englaciation         Hexes/Ice                    5
   f - Yara's Violent Unravelling     Hexes/Transmutation          5
Comestibles
 f - 6 rations


   Skills:
 + Level 5.2(3.4) Fighting
 + Level 0.7(0.0) Short Blades
 + Level 8.3(6.4) Axes
 + Level 5.2(3.4) Armour
 + Level 0.8(0.0) Dodging
 + Level 0.2(0.0) Stealth
 + Level 6.2(4.4) Shields


You had 7 spell levels left.
You didn't know any spells.

Dungeon Overview and Level Annotations

Branches:
Dungeon (6/15)             Temple (1/1) D:4

Altars:
Cheibriados
Dithmenos
Elyvilon
Fedhas
Makhleb
Nemelex Xobeh
Okawaru
Qazlal
Ru
Sif Muna
Vehumet
Wu Jian
The Shining One

Shops:
D:5 *

Annotations:
D:5 Prince Ribbit


Message History

Found a shadowy altar of Dithmenos.
Really remove
l - an amulet of harm? [Y]es or [N]o only, please.
Really remove
l - an amulet of harm?
You remove your amulet of harm.
The amulet drains your life force as you remove it!
You feel drained.
Unknown command.
Prince Ribbit is nearby!
Unknown command.
Level annotation: Prince Ribbit Welcome back, smallpebble the Hill Orc Fighter.
Ru says: Sacrifice that you might gain great power!
Press ? for a list of commands and other information.
Prince Ribbit blinks! x2
You fade into invisibility!
Prince Ribbit hits you.
* * * LOW HITPOINT WARNING * * *
Prince Ribbit hits you!
You die...

#.....#### ##..###..##
###......####...####..#
###......####### ##.##
##.....####>### #..#
###...##8.!.8# ##.#
##..##.....## #.##
##.##_....._# ##.#
##.####.....####.##
#..# #8..@8##...# ##.##
##...F.##)..# ##.##
#8..$..8#...# #..#
##.....##..## #####.##
#8...8##.## .......#
###_####.# .......#
#######.# .......#
##......# .......#
########


You could see Prince Ribbit.

Vanquished Creatures
  Duvessa (D:6)
  A sky beast (D:6)
  A black bear (D:6)
  An ogre (D:6)
  A centaur (D:4)
  Dowan (D:6)
  A scorpion (D:5)
  A howler monkey (D:5)
  A crimson imp (D:6)
  A bullfrog zombie (D:6)
  A hound (D:6)
  An orc wizard (D:4)
  2 iguanas
  3 worker ants
  9 adders
  3 gnolls (D:4)
  An ooze (D:3)
  A worm (D:3)
  2 dart slugs (D:2)
  2 leopard geckos
  4 orcs
  11 bats
  6 giant cockroaches
  6 goblins
  11 hobgoblins
  6 jackals
  2 quokkas
  2 ball pythons
  5 frilled lizards
  10 kobolds
  A leopard gecko skeleton (D:6)
  10 rats
109 creatures vanquished.

Notes
Turn   | Place    | Note
-------+----------+-------------------------------------------
     0 | D:1      | smallpebble the Hill Orc Fighter began the quest for the Orb.
     0 | D:1      | Reached XP level 1. HP: 19/19 MP: 1/1
   173 | D:1      | Reached XP level 2. HP: 27/27 MP: 2/2
   195 | D:1      | Reached skill level 3 in Axes
   429 | D:1      | Reached XP level 3. HP: 33/33 MP: 3/3
   728 | D:2      | Reached XP level 4. HP: 8/40 MP: 4/4
  1089 | D:2      | Found a deep blue altar of Sif Muna.
  1303 | D:2      | Found a radiant altar of Vehumet.
  1510 | D:2      | Found a snail-covered altar of Cheibriados.
  1935 | D:3      | Reached skill level 4 in Axes
  1935 | D:3      | Reached XP level 5. HP: 46/46 MP: 5/5
  2708 | D:4      | Noticed a centaur
  2718 | D:4      | Killed a centaur
  2718 | D:4      | Reached skill level 5 in Shields
  2731 | D:4      | Reached XP level 6. HP: 34/53 MP: 6/6
  2843 | D:4      | Reached skill level 5 in Axes
  3142 | D:4      | Found a staircase to the Ecumenical Temple.
  3380 | Temple   | Entered the Ecumenical Temple
  3444 | Temple   | Became a worshipper of Ru the Awakened
  3526 | D:5      | Entered Level 5 of the Dungeon
  3708 | D:5      | Found a white marble altar of Elyvilon.
  3709 | D:5      | Found an ornate altar of the Wu Jian Council.
  3783 | D:5      | Found Umulatat's Assorted Antiques.
  4355 | D:6      | Reached skill level 6 in Axes
  4355 | D:6      | Reached XP level 7. HP: 59/60 MP: 7/7
  4390 | D:6      | Noticed Duvessa
  4391 | D:6      | Noticed Dowan
  4419 | D:6      | Killed Duvessa
  4424 | D:6      | Killed Dowan
  4424 | D:6      | Reached skill level 7 in Axes
  4626 | D:6      | Reached skill level 5 in Fighting
  4626 | D:6      | Reached skill level 5 in Armour
  4626 | D:6      | Reached XP level 8. HP: 56/68 MP: 8/8
  4671 | D:6      | Reached skill level 8 in Axes
  4756 | D:6      | Noticed Prince Ribbit
  4771 | D:5      | Found a shadowy altar of Dithmenos.
  4779 | D:5      | Slain by Prince Ribbit

Skill      XL: |  1  2  3  4  5  6  7  8 |
---------------+-------------------------+-----
Axes           | 3 4 6 7 8 |  8.3
Fighting       | 4 5 |  5.2
Shields        | 4 5 6 |  6.2
Armour         | 4 5 |  5.2
Short Blades   | |  0.7
Dodging        | |  0.8
Stealth        | |  0.2

Action                   |  1- 3 |  4- 6 |  7- 9 || total
-------------------------+-------+-------+-------++-------
Melee: War axe           |    66 |   256 |    94 ||   416
       Short sword       |    77 |       |       ||    77
  Use: Scroll            |     1 |       |     1 ||     2
       Potion            |       |       |     1 ||     1
  Eat: Chunk             |       |     3 |       ||     3
       Ration            |       |     2 |     1 ||     3
Armor: Scale mail        |    77 |    10 |       ||    87
       Plate armour      |       |   155 |    77 ||   232
Dodge: Dodged            |    52 |    48 |    11 ||   111
Block: Shield            |    84 |   162 |    58 ||   304
